 Dungeon Crawl Stone Soup version 0.27.1-15-g792fb953b9 (webtiles) character file.

Game seed: 10027299457095323750

1816 ZappyNine the Placeless Elf (level 8, -1/45 HPs)
             Began as a Deep Elf Conjurer on Nov 20, 2021.
             Was a Follower of Vehumet.
             Slain by a killer bee (4 damage)
             ... on level 7 of the Dungeon on Nov 21, 2021.
             The game lasted 00:19:35 (9250 turns).

ZappyNine the Placeless Elf (Deep Elf Conjurer)     Turns: 9250, Time: 00:19:35

Health: -1/45      AC:  4    Str:  4    XL:     8   Next: 85%
Magic:  2/19       EV: 12    Int: 26    God:    Vehumet [*.....]
Gold:   248        SH:  0    Dex: 13    Spells: 6/19 levels left

rFire    . . .     SeeInvis .   b - +2 dagger (freeze)
rCold    . . .     Faith    .   (no shield)
rNeg     . . .     Spirit   .   a - +0 robe
rPois    .         Reflect  .   (no helmet)
rElec    .         Harm     .   (no cloak)
rCorr    .         Rampage  .   k - +1 pair of gloves
Will     .....                  (no boots)
Stlth    ++........             (no amulet)
HPRegen  0.15/turn              (no ring)
MPRegen  0.16/turn              (no ring)

@: hasted, very quick
A: no striking features
a: Renounce Religion


You were on level 7 of the Dungeon.
You worshipped Vehumet.
Vehumet was aware of your devotion.
You visited 2 branches of the dungeon, and saw 8 of its levels.

You collected 287 gold pieces.
You spent 39 gold pieces at shops.

Inventory:

Hand Weapons
 b - a +2 dagger of freezing (weapon)
Armour
 a - a +0 robe (worn)
 k - a +1 pair of gloves (worn)
Jewellery
 o - a +6 ring of dexterity
Wands
 q - a wand of flame (17)
 v - a wand of iceblast (10)
 w - a wand of acid (12)
Scrolls
 c - 4 scrolls of noise {unknown}
 e - 4 scrolls of teleportation {unknown}
 g - 5 scrolls of identify {unknown}
 h - a scroll of immolation {unknown}
 j - 2 scrolls of enchant weapon {unknown}
 l - a scroll of enchant armour {unknown}
 m - a scroll of blinking {unknown}
 p - 3 scrolls of amnesia {unknown}
Potions
 d - a potion of brilliance
 i - a potion of haste
 n - 3 potions of berserk rage {unknown}
 s - a potion of flight
 t - a potion of might {unknown}
 u - a potion of cancellation {unknown}


   Skills:
 - Level 2.9 Fighting
 - Level 2.6 Dodging
 - Level 3.0 Stealth
 - Level 6.0 Spellcasting
 - Level 6.6 Conjurations
 - Level 5.6 Hexes
 + Level 8.1 Translocations


You had 6 spell levels left.
You knew the following spells:

 Your Spells              Type           Power      Damage    Failure   Level
a - Magic Dart            Conj           100%       1d8       1%          1
b - Searing Ray           Conj           84%        3d6       1%          2
c - Fulminant Prism       Conj/Hex       19%        3d11      5%          4
d - Sublimation of Blood  Necr           3%         N/A       11%         2
e - Iskenderun's Mystic   Conj/Tloc      46%        2d10      3%          4

Your spell library contained the following spells:

 Spells                   Type           Power      Damage    Failure   Level
 Sandblast                Erth           14%        2d6       7%          1
 Corona                   Hex            41%        N/A       1%          1
 Dazzling Flash           Conj/Hex       78%        N/A       1%          3
 Tukima's Dance           Hex            37%        N/A       1%          3
 Static Discharge         Conj/Air       25%        N/A       2%          2
 Ensorcelled Hibernation  Hex/Ice        44%        N/A       3%          2
 Pain                     Necr           28%        1d5       7%          1
 Wereblood                Tmut           7%         N/A       11%         2
 Frozen Ramparts          Ice            14%        1d3       21%         3
 Lightning Bolt           Conj/Air       12%        1d26      43%         5
 Dispel Undead            Necr           7%         3d8       56%         4
 Ice Form                 Ice/Tmut       7%         N/A       56%         4
 Summon Ice Beast         Ice/Summ       7%         N/A       56%         4
 Summon Lightning Spire   Summ/Air       7%         N/A       56%         4
 Summon Hydra             Summ           3%         N/A       100%        7
 Maxwell's Capacitive Co  Air            3%         ∞         100%        8


Dungeon Overview and Level Annotations

Branches:
Dungeon (7/15)             Temple (1/1) D:5

Altars:
Ashenzari
Cheibriados
Dithmenos
Elyvilon
Gozag
Kikubaaqudgha
Makhleb
Nemelex Xobeh
Okawaru
Ru
Sif Muna
Trog
Vehumet
Wu Jian
Xom
Yredelemnul
The Shining One

Shops:
D:4 (*!*   D:5 *   D:6 *


Message History

The killer bee stings you but does no damage.
The killer bee stings your fulminant prism.
The killer bee stings you.
* * * LOW HITPOINT WARNING * * *
Unknown command.
Unknown command.
The killer bee stings your fulminant prism.
Your fulminant prism detonates feebly.
The killer bee stings you!
* * * LOW HITPOINT WARNING * * *
Unknown command.
Unknown command.
Casting: Fulminant Prism (dangerous; 5% risk of failure)
Confirm with . or Enter, or press ? or * to list all spells.
You don't have enough magic to cast this spell.
Unknown command.
Unknown command.
You feel better.
The killer bee stings you but does no damage.
You feel better.
The killer bee stings you but does no damage.
The killer bee stings you.
You are poisoned.
The killer bee poisons you! The killer bee misses you.
The killer bee stings you.
* * * LOW HITPOINT WARNING * * *
You are lethally poisoned!
The killer bee poisons you!
You feel better. The killer bee misses you.
The killer bee stings you but does no damage.
The killer bee stings you. The killer bee closely misses you.
Unknown command.
Unknown command.
It was a potion of haste.
You feel yourself speed up. The killer bee stings you.
* * * LOW HITPOINT WARNING * * *
The killer bee stings you!
* * * LOW HITPOINT WARNING * * *
The killer bee closely misses you. The killer bee stings you.
You die...

... #.# #.# ##)#
#.# ##)). #.#
##..). ###.###
##.8...
#.....###.#....
#.#.#.##...8...
####.#....'.......
#@y......##...8...
#y##.#######.#....
######y##..##
##.8...
#..y..F.....#
##....
##.#.#####.#.#
##...
#..#.......#.#
##+#
#..#.#...#.#.#
#..#.#._.#.#.#
#..#$#...#.#.#


You could see a bullfrog and 3 killer bees.

Vanquished Creatures
  Grinder (D:3)
  Eustachio (D:4)
  A black bear (D:6)
  An orc warrior (D:6)
  An ogre (D:4)
  3 kobold brigands
  2 bullfrogs (D:6)
  Blork the orc (D:5)
  2 scorpions (D:5)
  A water moccasin zombie (D:6)
  2 killer bees (D:7)
  A howler monkey (D:5)
  A centaur zombie (D:6)
  A hound (D:5)
  An orc priest (D:6)
  A gnoll shaman (D:7)
  A bullfrog skeleton (D:4)
  A centaur skeleton (D:5)
  An iron imp (D:6)
  An orc wizard (D:4)
  An iguana (D:4)
  4 gnolls (D:7)
  3 adders
  A white imp (D:5)
  An ufetubus (D:5)
  2 worms
  2 dart slugs (D:3)
  23 orcs
  8 endoplasms
  4 giant cockroaches
  10 goblins
  6 hobgoblins
  4 jackals (D:4)
  A quokka (D:4)
  6 ball pythons
  3 bats (D:2)
  2 frilled lizards
  2 goblin skeletons (D:6)
  2 goblin zombies (D:6)
  3 hobgoblin zombies (D:6)
  34 kobolds
  A kobold zombie (D:6)
  2 orc skeletons (D:6)
  An orc zombie (D:6)
  9 rats
160 creatures vanquished.

Vanquished Creatures (others)
  24 fulminant prisms
  31 plants (D:6)
55 creatures vanquished.

Grand Total: 215 creatures vanquished

Notes
Turn   | Place    | Note
-------+----------+-------------------------------------------
     0 | D:1      | ZappyNine the Deep Elf Conjurer began the quest for the
                  | Orb.
     0 | D:1      | Reached XP level 1. HP: 10/10 MP: 6/6
   889 | D:1      | Reached XP level 2. HP: 15/15 MP: 4/8
   945 | D:1      | Learned a level 2 spell: Searing Ray
  1603 | D:2      | Reached skill level 5 in Conjurations
  1804 | D:2      | Reached XP level 3. HP: 19/19 MP: 6/9
  2206 | D:2      | Found a faded altar of an unknown god.
  2752 | D:3      | Reached XP level 4. HP: 24/24 MP: 8/11
  3142 | D:3      | Noticed Grinder
  3150 | D:3      | Learned a level 4 spell: Fulminant Prism
  3243 | D:3      | Killed Grinder
  3244 | D:3      | Reached skill level 5 in Hexes
  3244 | D:3      | Reached XP level 5. HP: 13/28 MP: 2/12
  3244 | D:3      | Reached XP level 6. HP: 15/33 MP: 2/13
  3515 | D:4      | Found Fatorac's General Store.
  3712 | D:4      | Reached skill level 1 in Fighting
  3916 | D:4      | Got the Reference Book on Evil Rituals and Feathers
  3917 | D:4      | Found Bixtufre's General Store.
  3981 | D:4      | Found Fofrysch's Distillery.
  4010 | D:4      | Bought a potion of curing for 39 gold pieces
  4010 | D:4      | Found Faoplil's Weapon Boutique.
  4376 | D:4      | Found a broken altar of Ashenzari.
  4377 | D:4      | Noticed Eustachio
  4679 | D:4      | Killed Eustachio
  4680 | D:4      | Reached skill level 5 in Spellcasting
  4680 | D:4      | Reached XP level 7. HP: 18/40 MP: 2/17
  5403 | D:5      | Entered Level 5 of the Dungeon
  5851 | D:5      | Noticed Blork the orc
  5863 | D:5      | Killed Blork the orc
  6051 | D:5      | Learned a level 2 spell: Sublimation of Blood
  6056 | D:5      | Learned a level 4 spell: Iskenderun's Mystic Blast
  6151 | D:5      | Found Varoiss Ucla's Lightly-Used Armoury.
  6171 | D:5      | Reached skill level 1 in Translocations
  6232 | D:5      | Reached skill level 2 in Translocations
  6322 | D:5      | Found a staircase to the Ecumenical Temple.
  6460 | Temple   | Entered the Ecumenical Temple
  6541 | Temple   | Became a worshipper of Vehumet
  6623 | D:6      | Reached skill level 3 in Translocations
  6623 | D:6      | Reached XP level 8. HP: 45/45 MP: 13/19
  6630 | D:6      | Reached skill level 4 in Translocations
  6756 | D:6      | Found a glowing golden altar of the Shining One.
  7093 | D:6      | Found Joonga's Assorted Antiques.
  7194 | D:6      | Noticed a white ugly thing
  7206 | D:6      | Found a basalt altar of Yredelemnul.
  7254 | D:6      | Reached * piety under Vehumet
  7254 | D:6      | Offered knowledge of Sandblast by Vehumet.
  7260 | D:6      | Reached skill level 5 in Translocations
  7997 | D:6      | Reached skill level 6 in Translocations
  8867 | D:7      | Reached skill level 7 in Translocations
  9220 | D:7      | Found an ancient bone altar of Kikubaaqudgha.
  9241 | D:7      | HP: 1/45 [killer bee (6)]
  9242 | D:7      | Reached skill level 8 in Translocations
  9246 | D:7      | HP: 2/45 [killer bee (7)]
  9250 | D:7      | Slain by a killer bee

Illustrated notes

Levels and vault maps discovered:
D:1:      minmay_arrival_up_and_down, layout_basic, minmay_misc_feat_diagonals
D:2:      layout_basic, dreamdust_ecumenical_altar_angels_and_demons
D:3:      corexii_shack_village, layout_basic, lemuel_another_geyser,
          uniq_grinder
D:4:      layout_basic, nicolae_ashenzari_panopticon, serial_shops, shop,
          nicolae_shop_trees, shop, nicolae_shop_crystal, uniq_eustachio
D:5:      layout_rooms, minmay_temple_entry_poolview, minmay_shop_damaged,
          uniq_blork_the_orc
D:6:      kennysheep_kobold_camp, layout_rooms, nicolae_tso_besieged_by_evil,
          yredelemnul_altar_generic, serial_shops, nicolae_shop_crystal,
          hangedman_decor_push
D:7:      layout_loops_corners, mainiacjoe_overflow_cross_hatched,
          minmay_misc_feat_roman, chequers_serial_rivers_micro_e,
          dk_noncrumbling_3, uniq_prince_ribbit1, uniq_crazy_yiuf_cottage
Temple:   nicolae_temple_god_jail

Skill      XL: |  1  2  3  4  5  6  7  8 |
---------------+-------------------------+-----
Conjurations   | 5 6 |  6.6
Stealth        | 3 |  3.0
Hexes          | 5 |  5.6
Spellcasting   | 5 6 |  6.0
Fighting       | 2 |  2.9
Translocations | 3 8 |  8.1
Dodging        | |  2.6

Action                   |  1- 3 |  4- 6 |  7- 9 || total
-------------------------+-------+-------+-------++-------
Melee: Unarmed           |    26 |     2 |       ||    28
       Dagger            |       |    17 |    81 ||    98
 Cast: Magic Dart        |    20 |     2 |     1 ||    23
       Searing Ray       |    30 |    21 |    30 ||    81
       Fulminant Prism   |       |    12 |    12 ||    24
       Iskenderun's Myst |       |       |    14 ||    14
       Sublimation of Bl |       |       |     2 ||     2
  Use: Potion            |       |     4 |     5 ||     9
 Stab: Sleeping          |     2 |       |     1 ||     3
Armor: Robe              |    10 |    14 |    56 ||    80
       Skin              |       |     1 |       ||     1
Dodge: Dodged            |    24 |    29 |   115 ||   168
